 Seeded DCSS version 0.31-a0-1074-g0b22e4e0f1 (webtiles) character file.

Game seed: 9698261311993447001 (custom seed)

21 croobank the Covert (level 2, -2/29 HPs)
             Began as a Gnoll Delver on Nov 26, 2023.
             Was an Initiate of Ashenzari.
             Slain by a kobold
             ... wielding the +8 lance "Wyrmbane" {slay drac, rPois rF+ rC+ AC+3}
              (4 damage)
             ... on level 3 of the Dungeon.
             The game lasted 00:04:35 (583 turns).

croobank the Covert (Gnoll Delver)                   Turns: 583, Time: 00:04:35

Health: -2/29      AC:  5    Str: 11    XL:     2   Next: 87%
Magic:  2/2        EV: 11    Int:  9    God:    Ashenzari [......]
Gold:   0          SH:  0    Dex: 13    Spells: 2/2 levels left

rFire   . . .        a - +0 spear
rCold   . . .        (no shield)
rNeg    . . .        f - +0 ring mail
rPois   .            (no helmet)
rElec   .            (no cloak)
rCorr   .            (no gloves)
SInv    .            (no boots)
Will    .....        (no amulet)
Stlth   +++          (no ring)
HPRegen 0.24/turn    (no ring)
MPRegen 0.08/turn

%: no passive effects
@: no status effects
A: fangs 1, strong nose, distributed training
a: Renounce Religion


You were on level 3 of the Dungeon.
You worshipped Ashenzari.
Ashenzari was noncommittal.
You visited 2 branches of the dungeon, and saw 6 of its levels.

Inventory:

Hand Weapons
 a - a +0 spear (weapon)
Armour
 b - a +0 leather armour
 f - a +0 ring mail (worn)
Wands
 g - a wand of digging (1)
Scrolls
 c - a scroll of fog
 i - a scroll of enchant armour {unknown}


   Skills:
 + Level 6.5 Fighting
 + Level 0.5 Short Blades
 + Level 0.5 Long Blades
 + Level 0.5 Axes
 + Level 0.5 Maces & Flails
 + Level 4.5 Polearms
 + Level 0.5 Staves
 + Level 0.5 Ranged Weapons
 + Level 0.5 Throwing
 + Level 0.5 Armour
 + Level 4.5 Dodging
 + Level 9.5 Stealth
 + Level 0.5 Shields
 + Level 0.5 Unarmed Combat
 + Level 0.5 Spellcasting
 + Level 0.4 Conjurations
 + Level 0.4 Hexes
 + Level 0.4 Summonings
 + Level 0.4 Necromancy
 + Level 0.4 Translocations
 + Level 0.4 Transmutations
 + Level 0.4 Fire Magic
 + Level 0.4 Ice Magic
 + Level 0.4 Air Magic
 + Level 0.4 Earth Magic
 + Level 0.4 Poison Magic
 + Level 0.7 Invocations
 + Level 0.5 Evocations
 + Level 0.5 Shapeshifting


You had 2 spell levels left.
You didn't know any spells.
Your spell library contained the following spells:

 Spells                   Type           Power      Damage    Failure   Level
 Slow                     Hex            0%         N/A       63%         1
 Confusing Touch          Hex            0%         N/A       94%         3
 Ozocubu's Armour         Ice            0%         N/A       94%         3
 Sigil of Binding         Hex            0%         N/A       94%         3
 Vampiric Draining        Necr           0%         2d6       94%         3
 Metabolic Englaciation   Hex/Ice        0%         N/A       100%        5
 Simulacrum               Ice/Necr       0%         N/A       100%        6


Dungeon Overview and Level Annotations

Branches:
Dungeon (6/15)             Temple (1/1) D:5

Altars:
Ashenzari
Dithmenos
Elyvilon
Fedhas
Hepliaklqana
Kikubaaqudgha
Makhleb
Nemelex Xobeh
Okawaru
Qazlal
Ru
Sif Muna
Trog
Uskayaw
Vehumet
Wu Jian
Xom
Yredelemnul
Zin
The Shining One

Annotations:
D:2 Jessica
D:3 3 runed translucent doors, nucleargodhead's ghost, amateur VSFi; wildpjah's ghost, amateur MfGl


Innate Abilities, Weirdness & Mutations

You have very sharp teeth.
Your uncanny sense of smell can sniff out nearby items.
Your experience applies equally to all skills.


Message History

You pick up a book of Winter and begin reading...
You add the spells Ozocubu's Armour, Metabolic Englaciation and Simulacrum to your library.
Found a stone staircase leading down.
An adder comes into view.
Found a stone staircase leading up.
A kobold comes into view.
It is wielding the +8 lance "Wyrmbane" {slay drac, rPois rF+ rC+ AC+3}.
There is a stone staircase leading up here.
You reach to attack!
The helpless adder fails to defend itself.
You puncture the adder!
The adder is severely wounded.
The adder bites you but does no damage.
You puncture the adder!
You kill the adder!
No target in view!
No target in view!
The kobold hits you from afar with the +8 lance "Wyrmbane" {slay drac, rPois rF+ rC+ AC+3}!
You reach to attack!
You hit the kobold.
The kobold is moderately wounded.
The kobold closely misses you.
You reach to attack!
You closely miss the kobold.
The kobold is moderately wounded.
The kobold hits you from afar with the +8 lance "Wyrmbane" {slay drac, rPois rF+ rC+ AC+3}!
You are too injured to fight recklessly!
Okay, then.
It was a potion of curing.
You feel better.
The kobold hits you from afar with the +8 lance "Wyrmbane" {slay drac, rPois rF+ rC+ AC+3}.
Reach: a) +0 spear
Press: ? - help, Dir - move target, f/p - kobold
Aim: a kobold, wielding the +8 lance "Wyrmbane" {slay drac, rPois rF+ rC+ AC+3} (moderately wounded, about 41% to evade your +0 spear)
You reach to attack!
You closely miss the kobold.
The kobold is moderately wounded.
The kobold hits you from afar with the +8 lance "Wyrmbane" {slay drac, rPois rF+ rC+ AC+3}!
* * * LOW HITPOINT WARNING * * *
Okay, then.
The air fills with toxic fumes!
As you read the scroll labelled DODDOPT EPTE, it crumbles to dust.
It was a scroll of poison.
The kobold hits you from afar with the +8 lance "Wyrmbane" {slay drac, rPois rF+ rC+ AC+3}.
You die...

#.. .# ##.. ##### .#
##... ....# .# #....
###.# ##. #######
##.#. #.. ###§§§§§.
#[#. # #.# #§§§§§#
#.#. # #
#§####§§§§K#### #.#.
#
#.#####§§§§§§§@§§§§§#
#.## #
#.†<...§####§§§§§##§#
#.## #
#######.####§§§§§#
#.# # #...§§§§§§§§§.
# #.######§####§# #
#.# #§# # #########.#
#§# ∆ ..........# §§#
#########.#


You could see a kobold.

Vanquished Creatures
  An adder (D:3)
  4 orcs
  An endoplasm (D:3)
  A kobold (D:3)
  2 ball pythons (D:3)
9 creatures vanquished.

Notes
Turn   | Place    | Note
-------+----------+-------------------------------------------
     0 | D:5      | Reached skill level 9 in Stealth
     0 | D:5      | croobank the Gnoll Delver began the quest for the Orb.
     0 | D:5      | Reached XP level 1. HP: 23/23 MP: 1/1
    10 | D:6      | Noticed a sleepcap
    27 | D:5      | Noticed a hound
    27 | D:5      | Noticed a howler monkey
    27 | D:5      | Noticed an ice beast
    30 | D:6      | Noticed a howler monkey
    69 | D:5      | Found a staircase to the Ecumenical Temple.
    78 | Temple   | Entered the Ecumenical Temple
   135 | Temple   | Became a worshipper of Ashenzari the Shackled
   192 | D:5      | Noticed an orc wizard
   192 | D:5      | Noticed an orc wizard
   207 | D:5      | Noticed a sky beast
   209 | D:5      | Noticed a jelly
   213 | D:5      | Noticed a sleepcap
   221 | D:5      | Noticed a sleepcap
   223 | D:4      | Noticed an ice beast
   336 | D:3      | Found a runed translucent gate.
   337 | D:3      | Found a runed translucent gate.
   337 | D:3      | Found a runed translucent gate.
   338 | D:3      | Noticed nucleargodhead's ghost (amateur VSFi)
   338 | D:3      | Noticed wildpjah's ghost (amateur MfGl)
   396 | D:3      | Reached XP level 2. HP: 29/29 MP: 2/2
   402 | D:2      | Noticed Jessica
   583 | D:3      | Slain by a kobold

Illustrated notes

Levels and vault maps discovered:
D:2:      layout_loops_cross, serial_shops, shop, basic_altar, uniq_jessica,
          uniq_natasha
D:3:      layout_loops_ring, gammafunk_ghost_cemetery, uniq_terence,
          uniq_crazy_yiuf_cottage
D:4:      cheibrodos_old_hovel, layout_basic, minmay_misc_feat_enclosed,
          uniq_ijyb, uniq_duvessa, uniq_pikel
D:5:      layout_basic, minmay_temple_entry_statues_fountains, uniq_sigmund
D:6:      layout_basic, serial_shops, kennysheep_mini_moat,
          minmay_strange_pillars, st_stairs_1, uniq_blork_the_orc
Temple:   mainiacjoe_temple_cubbyholes

Skill      XL: | |
---------------+-+-----
Stealth        | |  9.5
Fighting       | |  6.5
Short Blades   | |  0.5
Long Blades    | |  0.5
Axes           | |  0.5
Maces & Flails | |  0.5
Polearms       | |  4.5
Staves         | |  0.5
Ranged Weapons | |  0.5
Throwing       | |  0.5
Armour         | |  0.5
Dodging        | |  4.5
Shields        | |  0.5
Unarmed Combat | |  0.5
Spellcasting   | |  0.5
Conjurations   | |  0.4
Hexes          | |  0.4
Summonings     | |  0.4
Necromancy     | |  0.4
Translocations | |  0.4
Transmutations | |  0.4
Fire Magic     | |  0.4
Ice Magic      | |  0.4
Air Magic      | |  0.4
Earth Magic    | |  0.4
Poison Magic   | |  0.4
Invocations    | |  0.7
Evocations     | |  0.5
Shapeshifting  | |  0.5

Action                     || total
---------------------------++-------
  Melee: Spear             ||    24
         Bite              ||     1
  Evoke: Wand              ||     2
    Use: Scroll            ||     4
         Potion            ||     3
   Stab: Sleeping          ||     6
 Armour: Leather armour    ||     1
         Ring mail         ||    17
  Dodge: Dodged            ||    10

Table legend: (Time is in decaauts)
 A = Elapsed time spent in this place.
 B = Non-inter-level travel time spent in this place.
 C = Inter-level travel time spent in this place.
 D = Time resting spent in this place.
 E = Time spent auto-exploring this place.
 F = Levels seen in this place.
 G = Mean time per level.
                   A        B        C        D        E       F      G
               +--------+--------+--------+--------+--------+-----+--------+
         Total |    542 |    430 |    112 |      0 |    156 |   6 |   90.3 |
       Dungeon |    429 |    428 |      1 |      0 |    156 |   5 |   85.8 |
        Temple |    112 |      1 |    111 |      0 |      0 |   1 |  112.0 |
               +--------+--------+--------+--------+--------+-----+--------+

Top non-repeatable levels by time:
     D:3: 289 daAuts
  Temple: 112 daAuts
     D:5: 61 daAuts
     D:6: 47 daAuts
     D:4: 17 daAuts
     D:2: 13 daAuts
